Vancouver Canucks vs Hartford Whalers

Created - Saturday, February 28, 2026 at 07:02

Goals
1 2 3 T
Vancouver Canucks 1 2 0 3
Hartford Whalers 0 2 0 2
Shots
1 2 3 T
Vancouver Canucks 11 14 8 33
Hartford Whalers 10 8 6 24

1st period

1. Vancouver Canucks , Mikko Rantanen 20 (Clayton Keller 15) at 18:46 (PP)

Penalties :
Emil Martinsen Lilleberg (VAN) for Hooking (Minor) at 2:50, Sean Couturier (VAN) for Slashing (Minor) at 12:23, Simon Edvinsson (HFD) for Tripping (Minor) at 18:45

2nd period

2. Hartford Whalers , Nick Suzuki 12 (Kaiden Guhle 8) at 4:18
3. Hartford Whalers , Pierre-Luc Dubois 11 (Sidney Crosby 25) at 9:04
4. Vancouver Canucks , Aleksander Barkov 14 (Mikko Rantanen 21) at 18:10
5. Vancouver Canucks , Connor Zary 10 (Noah Hanifin 10, Clayton Keller 16) at 18:47

Penalties :
Emil Martinsen Lilleberg (VAN) for Roughing (Minor) at 13:03, Miro Heiskanen (VAN) for Roughing (Minor) at 19:55

3rd period

No Goal

Penalties :
Sidney Crosby (HFD) for Delaying the game (Minor) at 1:53, Devon Toews (HFD) for Interference (Minor) at 12:22

Goalie Stats

Justus Annunen (VAN), 22 saves from 24 shots - (0.917), W, 6-6-1, 60:00 minutes
Joseph Woll (HFD), 30 saves from 33 shots - (0.909), L, 15-12-2, 59:23 minutes

Players Stats for Vancouver Canucks

Player Name              G  A  P  +/- PIM S  H  SB GA TA FO     MP     PP MP  PK MP  
------------------------------------------------------------------------------------
Aleksander Barkov        1  0  1   0  0   4  3  0  0  0  10/27  21:39   1:48   3:47 
Artturi Lehkonen         0  0  0   0  0   1  2  1  0  1  0/2    21:32   1:26   3:47 
Bobby McMann             0  0  0   1  0   3  3  0  1  0  0/0    12:06   0:00   0:00 
Brett Leason             0  0  0   0  0   0  0  2  1  0  0/0    13:22   0:00   3:46 
Casey Mittelstadt        0  0  0  -1  0   5  0  0  1  0  2/5    13:21   1:39   0:00 
Clayton Keller           0  2  2   1  0   2  0  0  0  0  1/3    14:01   1:57   0:00 
Connor Zary              1  0  1   1  0   3  1  0  2  1  3/9    13:44   2:01   0:00 
Emil Martinsen Lilleberg 0  0  0   0  4   1  1  0  0  2  0/0    14:05   0:00   0:48 
Jake Bean                0  0  0   0  0   0  0  1  0  1  0/0    13:18   0:00   0:00 
Jesperi Kotkaniemi       0  0  0  -1  0   1  1  0  0  0  0/2    12:58   2:01   0:13 
Joel Hanley              0  0  0  -1  0   0  3  2  0  2  0/0    19:15   0:31   3:54 
Matias Maccelli          0  0  0  -1  0   0  2  0  0  0  0/0    13:03   2:01   0:00 
Mavrik Bourque           0  0  0   0  0   1  0  2  0  1  0/0     8:51   0:00   0:00 
Mikko Rantanen           1  1  2   0  0   8  3  1  1  1  4/8    21:52   1:57   3:53 
Miro Heiskanen           0  0  0   1  2   1  0  1  0  1  0/0    25:17   2:19   3:00 
Noah Hanifin             0  1  1   1  0   1  3  1  0  0  0/0    25:23   1:39   4:01 
Ryan McDonagh            0  0  0  -1  0   0  1  2  0  0  0/0    19:28   0:31   4:07 
Sean Couturier           0  0  0   0  2   2  0  0  0  0  0/2     8:45   0:00   0:24 

Players Stats for Hartford Whalers

Player Name              G  A  P  +/- PIM S  H  SB GA TA FO     MP     PP MP  PK MP  
------------------------------------------------------------------------------------
Anthony Cirelli          0  0  0  -1  0   2  0  0  1  0  3/3    16:23   0:00   1:58 
Braden Schneider         0  0  0  -1  0   0  0  3  0  1  0/0    20:29   3:58   1:55 
Carter Verhaeghe         0  0  0  -1  0   1  3  1  0  1  0/0    17:17   4:13   0:04 
Devon Toews              0  0  0  -1  2   1  2  3  0  0  0/0    18:07   3:58   0:00 
Dylan Guenther           0  0  0   0  0   2  1  0  1  0  0/0    13:41   0:00   0:00 
Jonathan Drouin          0  0  0   0  0   0  1  0  0  0  0/0     8:12   0:00   0:00 
Jordan Kyrou             0  0  0   1  0   2  1  0  0  0  1/2    13:27   0:00   0:00 
Joshua Norris            0  0  0  -1  0   4  1  0  2  0  13/16  15:41   0:00   2:02 
Kaiden Guhle             0  1  1   1  0   2  0  0  0  0  0/0    13:22   0:00   0:00 
Matthew Coronato         0  0  0   0  0   0  0  0  0  0  0/0     8:12   0:00   0:00 
Nick Suzuki              1  0  1   0  0   2  1  0  4  0  5/8    18:32   4:13   1:46 
Pierre-Luc Dubois        1  0  1   1  0   3  1  1  2  1  0/1    17:50   3:42   0:31 
Seth Jones               0  0  0   0  0   1  0  2  0  1  0/0    26:09   3:57   2:03 
Sidney Crosby            0  1  1   1  2   3  0  0  0  0  12/19  19:30   4:12   0:55 
Simon Edvinsson          0  0  0   1  2   0  1  3  0  0  0/0    15:50   0:00   1:55 
Tyler Seguin             0  0  0   0  0   0  2  0  0  0  4/7    12:00   3:42   0:40 
Tyson Foerster           0  0  0   0  0   1  2  0  0  1  0/2    15:07   3:42   0:00 
Vladislav Gavrikov       0  0  0   0  0   0  1  0  0  1  0/0    26:09   3:57   2:03 

3 Stars

1 - Mikko Rantanen (VAN)
2 - Aleksander Barkov (VAN)
3 - Connor Zary (VAN)

Power Play

Vancouver Canucks - 1 on 3 Attempt(s) - 33.33%
Hartford Whalers - 0 on 4 Attempt(s) - 0.00%

Penalty Kill

Vancouver Canucks - 4 on 4 Attempt(s) - 100.00% - Score 0 goal in Penalty Kill
Hartford Whalers - 2 on 3 Attempt(s) - 66.67% - Score 0 goal in Penalty Kill

Team Stat

Vancouver Canucks - Hits : 23 - Faceoff Wins : 20 - Blocked Shots : 13 - Penalty Minutes : 8
Hartford Whalers - Hits : 17 - Faceoff Wins : 38 - Blocked Shots : 13 - Penalty Minutes : 6

Official

Referees : Cody Beach and Justin Kea
Linesman : Jonny Murray

Game Notes

18:47 of 2nd period - Vancouver Canucks goal is going for a video replay. After video review, Goal.

Finance

Level 1 -- Attendance: 5682 (94.70%) -- Ticket Income $539,790
Level 2 -- Attendance: 4756 (95.12%) -- Ticket Income $261,580
Level 3 -- Attendance: 2116 (70.53%) -- Ticket Income $84,640
Level 4 -- Attendance: 3724 (74.48%) -- Ticket Income $93,100
Luxury Box -- Attendance: 815 (81.50%) -- Ticket Income $163,000
Game was played at the Hartford Civic Center.
Total Attendance: 17093 (85.47%)
Total Ticket Income: $1,142,110
Other Income: $399,738
Total Income: $1,541,848

Vancouver Canucks

5 vs 5 Forward 
   Center                   Left Wing                Right Wing               Time % Phy DF OF 
 1 Aleksander Barkov        Artturi Lehkonen         Mikko Rantanen           37     1   1  3  
 2 Connor Zary              Clayton Keller           Bobby McMann             28     1   2  2  
 3 Casey Mittelstadt        Jesperi Kotkaniemi       Matias Maccelli          21     1   2  2  
 4 Sean Couturier           Brett Leason             Mavrik Bourque           14     1   3  1  

5 vs 5 Defense 
   Defense                  Defense                                           Time % Phy DF OF 
 1 Noah Hanifin             Miro Heiskanen                                    30     1   2  2  
 2 Ryan McDonagh            Joel Hanley                                       30     1   2  2  
 3 Jake Bean                Emil Martinsen Lilleberg                          25     1   2  2  
 4 Noah Hanifin             Miro Heiskanen                                    15     1   2  2  

PowerPlay Forward 
   Center                   Left Wing                Right Wing               Time % Phy DF OF 
 1 Clayton Keller           Artturi Lehkonen         Mikko Rantanen           50     0   1  4  
 2 Jesperi Kotkaniemi       Connor Zary              Matias Maccelli          50     0   1  4  

PowerPlay Defense
   Defense                  Defense                                           Time % Phy DF OF 
 1 Aleksander Barkov        Miro Heiskanen                                    50     0   1  4  
 2 Noah Hanifin             Casey Mittelstadt                                 50     0   1  4  

Penalty Kill 4 Players Forward 
   Center                   Wing                     Time % Phy DF OF 
 1 Mikko Rantanen           Brett Leason             50     1   2  2  
 2 Aleksander Barkov        Artturi Lehkonen         50     1   2  2  

Penalty Kill 4 Players Defense
   Defense                  Defense                  Time % Phy DF OF 
 1 Ryan McDonagh            Joel Hanley              50     1   2  2  
 2 Noah Hanifin             Miro Heiskanen           50     1   2  2  

Penalty Kill - 3 Players Forward 
   Forward                                           Time % Phy DF OF 
 1 Aleksander Barkov                                 50     1   2  2  
 2 Brett Leason                                      50     1   2  2  

Penalty Kill - 3 Players Defense
   Defense                  Defense                  Time % Phy DF OF 
 1 Ryan McDonagh            Joel Hanley              50     1   2  2  
 2 Noah Hanifin             Miro Heiskanen           50     1   2  2  

4 vs 4 Forward 
   Center                   Wing                     Time % Phy DF OF 
 1 Clayton Keller           Mikko Rantanen           50     1   2  2  
 2 Aleksander Barkov        Connor Zary              50     1   2  2  

4 vs 4 Defense
   Defense                  Defense                  Time % Phy DF OF 
 1 Noah Hanifin             Miro Heiskanen           50     1   2  2  
 2 Ryan McDonagh            Joel Hanley              50     1   2  2  

Last Minutes Offensive
   Center                   Left Wing                Right Wing               Defense                  Defense                  
   Aleksander Barkov        Clayton Keller           Mikko Rantanen           Noah Hanifin             Miro Heiskanen           

Last Minutes Defensive
   Center                   Left Wing                Right Wing               Defense                  Defense                  
   Aleksander Barkov        Artturi Lehkonen         Brett Leason             Ryan McDonagh            Joel Hanley              

Goaltenders
Starting : Justus Annunen           
Backup : Cam Talbot               

Extra Forwards
Normal : Mikko Rantanen, Aleksander Barkov, Clayton Keller - PP : Mikko Rantanen, Clayton Keller - PK : Sean Couturier
Extra Defensemen
Normal : Miro Heiskanen, Joel Hanley, Ryan McDonagh - PP : Miro Heiskanen - PK : Ryan McDonagh, Joel Hanley
Penalty Shots
Aleksander Barkov, Sean Couturier, Clayton Keller, Jesperi Kotkaniemi, Mikko Rantanen

Scratches
Anton Lundell (Healthy), Jacob Bernard-Docker (Healthy), Jacob Bryson (Healthy)

Hartford Whalers

5 vs 5 Forward 
   Center                   Left Wing                Right Wing               Time % Phy DF OF 
 1 Joshua Norris            Carter Verhaeghe         Anthony Cirelli          30     1   3  1  
 2 Sidney Crosby            Pierre-Luc Dubois        Jordan Kyrou             30     0   2  3  
 3 Nick Suzuki              Dylan Guenther           Tyson Foerster           25     0   2  3  
 4 Tyler Seguin             Jonathan Drouin          Matthew Coronato         15     1   3  1  

5 vs 5 Defense 
   Defense                  Defense                                           Time % Phy DF OF 
 1 Seth Jones               Vladislav Gavrikov                                30     2   2  1  
 2 Devon Toews              Braden Schneider                                  30     2   2  1  
 3 Simon Edvinsson          Kaiden Guhle                                      25     2   2  1  
 4 Seth Jones               Vladislav Gavrikov                                15     2   2  1  

PowerPlay Forward 
   Center                   Left Wing                Right Wing               Time % Phy DF OF 
 1 Sidney Crosby            Carter Verhaeghe         Nick Suzuki              50     1   1  3  
 2 Tyler Seguin             Pierre-Luc Dubois        Tyson Foerster           50     2   1  2  

PowerPlay Defense
   Defense                  Defense                                           Time % Phy DF OF 
 1 Seth Jones               Vladislav Gavrikov                                50     1   2  2  
 2 Devon Toews              Braden Schneider                                  50     1   2  2  

Penalty Kill 4 Players Forward 
   Center                   Wing                     Time % Phy DF OF 
 1 Nick Suzuki              Sidney Crosby            50     1   3  1  
 2 Joshua Norris            Anthony Cirelli          50     2   2  1  

Penalty Kill 4 Players Defense
   Defense                  Defense                  Time % Phy DF OF 
 1 Seth Jones               Vladislav Gavrikov       50     3   2  0  
 2 Simon Edvinsson          Braden Schneider         50     3   2  0  

Penalty Kill - 3 Players Forward 
   Forward                                           Time % Phy DF OF 
 1 Joshua Norris                                     50     2   3  0  
 2 Anthony Cirelli                                   50     1   4  0  

Penalty Kill - 3 Players Defense
   Defense                  Defense                  Time % Phy DF OF 
 1 Seth Jones               Vladislav Gavrikov       50     3   2  0  
 2 Devon Toews              Braden Schneider         50     3   2  0  

4 vs 4 Forward 
   Center                   Wing                     Time % Phy DF OF 
 1 Sidney Crosby            Nick Suzuki              50     1   1  3  
 2 Joshua Norris            Carter Verhaeghe         50     2   2  1  

4 vs 4 Defense
   Defense                  Defense                  Time % Phy DF OF 
 1 Seth Jones               Vladislav Gavrikov       50     2   2  1  
 2 Devon Toews              Braden Schneider         50     2   2  1  

Last Minutes Offensive
   Center                   Left Wing                Right Wing               Defense                  Defense                  
   Sidney Crosby            Dylan Guenther           Nick Suzuki              Devon Toews              Seth Jones               

Last Minutes Defensive
   Center                   Left Wing                Right Wing               Defense                  Defense                  
   Joshua Norris            Carter Verhaeghe         Anthony Cirelli          Vladislav Gavrikov       Braden Schneider         

Goaltenders
Starting : Joseph Woll              
Backup : Samuel Montembeault      

Extra Forwards
Normal : Dylan Guenther, Carter Verhaeghe, Tyler Seguin - PP : Dylan Guenther, Carter Verhaeghe - PK : Tyler Seguin
Extra Defensemen
Normal : Simon Edvinsson, Kaiden Guhle, Devon Toews - PP : Simon Edvinsson - PK : Kaiden Guhle, Devon Toews
Penalty Shots
Tyler Seguin, Pierre-Luc Dubois, Sidney Crosby, Nick Suzuki, Joshua Norris

Scratches
Shakir Mukhamadullin (Healthy), Calle Odelius (Healthy)

% Time on Ice - Vancouver Canucks

Lines # - Real PCT - Wanted PCT - Time Play
Normal Forward
1 - 31% - 37% - 14:45
2 - 30% - 28% - 13:58
3 - 21% - 21% - 9:53
4 - 18% - 14% - 8:16
Normal Defense
1 - 28% - 30% - 13:16
2 - 34% - 30% - 15:48
3 - 28% - 25% - 13:18
4 - 10% - 15% - 4:30
PP Forward
1 - 49% - 50% - 1:57
2 - 51% - 50% - 2:01
PP Defense
1 - 45% - 50% - 1:48
2 - 55% - 50% - 2:10
PK Forward
1 - 49% - 50% - 3:55
2 - 51% - 50% - 4:00
PK Defense
1 - 49% - 50% - 3:54
2 - 51% - 50% - 4:01
PK3 Forward
1 - 0% - 50%
2 - 0% - 50%
PK3 Defense
1 - 0% - 50%
2 - 0% - 50%
44 Forward
1 - 100% - 50% - 0:01
2 - 0% - 50% - 0:00
44 Defense
1 - 0% - 50% - 0:00
2 - 100% - 50% - 0:01
Last Minute Offensive  - 0:00
Last Minute Defensive  - 1:14
Total
Forward - 60:00
Defense - 60:00

% Time on Ice - Hartford Whalers

Lines # - Real PCT - Wanted PCT - Time Play
Normal Forward
1 - 30% - 30% - 14:05
2 - 29% - 30% - 13:31
3 - 24% - 25% - 11:21
4 - 17% - 15% - 8:12
Normal Defense
1 - 30% - 30% - 14:11
2 - 31% - 30% - 14:36
3 - 26% - 25% - 12:25
4 - 13% - 15% - 5:57
PP Forward
1 - 53% - 50% - 4:13
2 - 47% - 50% - 3:42
PP Defense
1 - 50% - 50% - 3:57
2 - 50% - 50% - 3:58
PK Forward
1 - 49% - 50% - 1:56
2 - 51% - 50% - 2:02
PK Defense
1 - 52% - 50% - 2:03
2 - 48% - 50% - 1:55
PK3 Forward
1 - 0% - 50%
2 - 0% - 50%
PK3 Defense
1 - 0% - 50%
2 - 0% - 50%
44 Forward
1 - 0% - 50% - 0:00
2 - 100% - 50% - 0:01
44 Defense
1 - 100% - 50% - 0:01
2 - 0% - 50% - 0:00
Last Minute Offensive  - 0:57
Last Minute Defensive  - 0:00
Total
Forward - 60:00
Defense - 60:00

Play-by-Play

1st period


0:01 of 1st period - Anthony Cirelli wins face-off versus Aleksander Barkov in neutral zone.
0:27 of 1st period - Pierre-Luc Dubois is hit by Bobby McMann and loses puck.
1:21 of 1st period - Wrist shot by Casey Mittelstadt.
1:21 of 1st period - Shot Blocked by Simon Edvinsson.
2:00 of 1st period - Braden Schneider is hit by Joel Hanley and loses puck.
2:29 of 1st period - Wrist shot by Dylan Guenther.
2:29 of 1st period - Stopped by Justus Annunen without a rebound.
2:30 of 1st period - Aleksander Barkov wins face-off versus Tyson Foerster in Vancouver Canucks zone.
2:50 of 1st period - Minor Penalty to Emil Martinsen Lilleberg for Hooking.
2:51 of 1st period - Mikko Rantanen wins face-off versus Sidney Crosby in Vancouver Canucks zone.
3:13 of 1st period - Artturi Lehkonen is hit by Carter Verhaeghe and loses puck.
3:46 of 1st period - Devon Toews is hit by Artturi Lehkonen and loses puck.
4:19 of 1st period - Ryan McDonagh is hit by Nick Suzuki and loses puck.
4:45 of 1st period - Tyler Seguin is hit by Jesperi Kotkaniemi.
4:50 of 1st period - Penalty to Emil Martinsen Lilleberg is over, Emil Martinsen Lilleberg is back on ice.
5:53 of 1st period - Off-side.
5:54 of 1st period - Anthony Cirelli wins face-off versus Sean Couturier in neutral zone.
5:59 of 1st period - Snap shot by Matthew Coronato.
5:59 of 1st period - Shot Misses the Net.
6:01 of 1st period - Snap shot by Anthony Cirelli.
6:01 of 1st period - Stopped by Justus Annunen with a rebound.
6:05 of 1st period - Snap shot by Jonathan Drouin.
6:05 of 1st period - Shot Blocked by Brett Leason.
6:19 of 1st period - Icing by Sidney Crosby.
6:20 of 1st period - Aleksander Barkov wins face-off versus Sidney Crosby in Hartford Whalers zone.
6:29 of 1st period - Snap shot by Mikko Rantanen.
6:29 of 1st period - Shot Blocked by Braden Schneider.
7:15 of 1st period - Backhand shot by Joshua Norris.
7:15 of 1st period - Stopped by Justus Annunen with a rebound.
7:17 of 1st period - Snap shot by Anthony Cirelli.
7:17 of 1st period - Stopped by Justus Annunen with a rebound.
7:19 of 1st period - Slapshot by Devon Toews.
7:19 of 1st period - Stopped by Justus Annunen without a rebound.
7:20 of 1st period - Sidney Crosby wins face-off versus Aleksander Barkov in Vancouver Canucks zone.
7:27 of 1st period - Wrist shot by Mikko Rantanen.
7:27 of 1st period - Stopped by Joseph Woll without a rebound.
7:28 of 1st period - Aleksander Barkov wins face-off versus Sidney Crosby in Hartford Whalers zone.
7:33 of 1st period - Wrist shot by Aleksander Barkov.
7:33 of 1st period - Deflect By Mikko Rantanen.
7:33 of 1st period - Shot Misses the Net.
7:33 of 1st period - Puck is out of play.
7:34 of 1st period - Joshua Norris wins face-off versus Aleksander Barkov in Hartford Whalers zone.
7:38 of 1st period - Off-side.
7:39 of 1st period - Joshua Norris wins face-off versus Aleksander Barkov in neutral zone.
7:48 of 1st period - Slapshot by Joshua Norris.
7:48 of 1st period - Shot Misses the Net.
7:52 of 1st period - Slapshot by Joshua Norris.
7:52 of 1st period - Stopped by Justus Annunen with a rebound.
7:54 of 1st period - Backhand shot by Kaiden Guhle.
7:54 of 1st period - Stopped by Justus Annunen with a rebound.
7:56 of 1st period - Snap shot by Carter Verhaeghe.
7:56 of 1st period - Shot Misses the Net.
8:06 of 1st period - Wrist shot by Bobby McMann.
8:06 of 1st period - Shot Misses the Net.
8:08 of 1st period - Wrist shot by Connor Zary.
8:08 of 1st period - Shot Blocked by Simon Edvinsson.
8:14 of 1st period - Wrist shot by Clayton Keller.
8:14 of 1st period - Stopped by Joseph Woll without a rebound.
8:15 of 1st period - Sidney Crosby wins face-off versus Casey Mittelstadt in Hartford Whalers zone.
8:15 of 1st period - Sidney Crosby is hit by Joel Hanley.
8:23 of 1st period - Slapshot by Casey Mittelstadt.
8:23 of 1st period - Shot Blocked by Pierre-Luc Dubois.
8:27 of 1st period - Snap shot by Casey Mittelstadt.
8:27 of 1st period - Stopped by Joseph Woll without a rebound.
8:28 of 1st period - Sidney Crosby wins face-off versus Aleksander Barkov in Hartford Whalers zone.
8:44 of 1st period - Snap shot by Sidney Crosby.
8:44 of 1st period - Stopped by Justus Annunen with a rebound.
10:26 of 1st period - Snap shot by Mikko Rantanen.
10:26 of 1st period - Shot Misses the Net.
10:28 of 1st period - Wrist shot by Mikko Rantanen.
10:28 of 1st period - Stopped by Joseph Woll without a rebound.
10:29 of 1st period - Aleksander Barkov wins face-off versus Tyson Foerster in Hartford Whalers zone.
10:59 of 1st period - Off-side.
11:00 of 1st period - Joshua Norris wins face-off versus Connor Zary in neutral zone.
11:07 of 1st period - Wrist shot by Joshua Norris.
11:07 of 1st period - Stopped by Justus Annunen without a rebound.
11:08 of 1st period - Sidney Crosby wins face-off versus Artturi Lehkonen in Vancouver Canucks zone.
12:23 of 1st period - Minor Penalty to Sean Couturier for Slashing.
12:24 of 1st period - Mikko Rantanen wins face-off versus Sidney Crosby in Vancouver Canucks zone.
12:47 of 1st period - Icing by Seth Jones.
12:48 of 1st period - Mikko Rantanen wins face-off versus Sidney Crosby in Hartford Whalers zone.
13:57 of 1st period - Off-side.
13:58 of 1st period - Mikko Rantanen wins face-off versus Tyler Seguin in neutral zone.
14:03 of 1st period - Snap shot by Mikko Rantanen.
14:03 of 1st period - Shot Blocked by Braden Schneider.
14:13 of 1st period - Wrist shot by Tyler Seguin.
14:13 of 1st period - Shot Blocked by Mikko Rantanen.
14:23 of 1st period - Penalty to Sean Couturier is over, Sean Couturier is back on ice.
14:37 of 1st period - Slapshot by Miro Heiskanen.
14:37 of 1st period - Stopped by Joseph Woll with a rebound.
14:39 of 1st period - Slapshot by Miro Heiskanen.
14:39 of 1st period - Shot Misses the Net.
14:55 of 1st period - Slapshot by Joshua Norris.
14:55 of 1st period - Shot Misses the Net.
16:30 of 1st period - Wrist shot by Mikko Rantanen.
16:30 of 1st period - Stopped by Joseph Woll without a rebound.
16:31 of 1st period - Casey Mittelstadt wins face-off versus Tyler Seguin in Hartford Whalers zone.
16:54 of 1st period - Slapshot by Jordan Kyrou.
16:54 of 1st period - Stopped by Justus Annunen without a rebound.
16:55 of 1st period - Aleksander Barkov wins face-off versus Sidney Crosby in Vancouver Canucks zone.
17:48 of 1st period - Jesperi Kotkaniemi is hit by Tyson Foerster and loses puck.
18:36 of 1st period - Snap shot by Jesperi Kotkaniemi.
18:36 of 1st period - Stopped by Joseph Woll with a rebound.
18:45 of 1st period - Minor Penalty to Simon Edvinsson for Tripping.
18:46 of 1st period - Clayton Keller wins face-off versus Nick Suzuki in Hartford Whalers zone.
18:46 of 1st period - Snap shot by Mikko Rantanen.
18:46 of 1st period - Goal by Mikko Rantanen - Vancouver Canucks : 1 - Hartford Whalers : 0.
18:47 of 1st period - Joshua Norris wins face-off versus Aleksander Barkov in neutral zone.
19:16 of 1st period - Wrist shot by Sean Couturier.
19:16 of 1st period - Stopped by Joseph Woll with a rebound.
19:38 of 1st period - Wrist shot by Casey Mittelstadt.
19:38 of 1st period - Stopped by Joseph Woll without a rebound.
19:39 of 1st period - Casey Mittelstadt wins face-off versus Pierre-Luc Dubois in Hartford Whalers zone.
19:44 of 1st period - Wrist shot by Jesperi Kotkaniemi.
19:44 of 1st period - Shot Misses the Net.
19:46 of 1st period - Snap shot by Casey Mittelstadt.
19:46 of 1st period - Stopped by Joseph Woll without a rebound.
19:47 of 1st period - Sidney Crosby wins face-off versus Aleksander Barkov in Hartford Whalers zone.
19:47 of 1st period - Sidney Crosby is hit by Mikko Rantanen.
19:53 of 1st period - Slapshot by Sidney Crosby.
19:53 of 1st period - Shot Misses the Net.
19:55 of 1st period - Slapshot by Braden Schneider.
19:55 of 1st period - Shot Blocked by Noah Hanifin.
19:57 of 1st period - Wrist shot by Devon Toews.
19:57 of 1st period - Shot Misses the Net.
Goals for this period are 1 for Vancouver Canucks vs 0 for Hartford Whalers.
Shots for this period are 11 for Vancouver Canucks vs 10 for Hartford Whalers.

2nd period


0:01 of 2nd period - Nick Suzuki wins face-off versus Aleksander Barkov in neutral zone.
0:04 of 2nd period - Wrist shot by Nick Suzuki.
0:04 of 2nd period - Shot Misses the Net.
0:34 of 2nd period - Bobby McMann is hit by Jordan Kyrou and loses puck.
0:51 of 2nd period - Wrist shot by Sean Couturier.
0:51 of 2nd period - Shot Misses the Net.
0:53 of 2nd period - Snap shot by Mavrik Bourque.
0:53 of 2nd period - Shot Blocked by Devon Toews.
0:55 of 2nd period - Wrist shot by Sean Couturier.
0:55 of 2nd period - Shot Blocked by Braden Schneider.
0:57 of 2nd period - Wrist shot by Brett Leason.
0:57 of 2nd period - Shot Misses the Net.
0:59 of 2nd period - Wrist shot by Sean Couturier.
0:59 of 2nd period - Shot Misses the Net.
1:09 of 2nd period - Emil Martinsen Lilleberg is hit by Jonathan Drouin and loses puck.
1:49 of 2nd period - Sidney Crosby is hit by Bobby McMann and loses puck.
2:17 of 2nd period - Icing by Ryan McDonagh.
2:18 of 2nd period - Joshua Norris wins face-off versus Casey Mittelstadt in Vancouver Canucks zone.
3:03 of 2nd period - Snap shot by Matias Maccelli.
3:03 of 2nd period - Shot Misses the Net.
3:05 of 2nd period - Snap shot by Jake Bean.
3:05 of 2nd period - Shot Misses the Net.
3:23 of 2nd period - Slapshot by Dylan Guenther.
3:23 of 2nd period - Shot Misses the Net.
3:33 of 2nd period - Snap shot by Nick Suzuki.
3:33 of 2nd period - Shot Misses the Net.
3:53 of 2nd period - Noah Hanifin is hit by Tyson Foerster and loses puck.
4:18 of 2nd period - Slapshot by Nick Suzuki.
4:18 of 2nd period - Goal by Nick Suzuki - Vancouver Canucks : 1 - Hartford Whalers : 1.
4:19 of 2nd period - Sidney Crosby wins face-off versus Aleksander Barkov in neutral zone.
4:54 of 2nd period - Snap shot by Carter Verhaeghe.
4:54 of 2nd period - Deflect By Clayton Keller.
4:54 of 2nd period - Shot Misses the Net.
4:54 of 2nd period - Puck is out of play.
4:55 of 2nd period - Connor Zary wins face-off versus Joshua Norris in Vancouver Canucks zone.
5:02 of 2nd period - Wrist shot by Clayton Keller.
5:02 of 2nd period - Stopped by Joseph Woll with a rebound.
5:22 of 2nd period - Sidney Crosby is hit by Artturi Lehkonen and loses puck.
5:49 of 2nd period - Wrist shot by Matthew Coronato.
5:49 of 2nd period - Shot Blocked by Brett Leason.
6:53 of 2nd period - Snap shot by Joshua Norris.
6:53 of 2nd period - Shot Blocked by Jake Bean.
7:03 of 2nd period - Jake Bean is hit by Tyler Seguin and loses puck.
7:22 of 2nd period - Snap shot by Connor Zary.
7:22 of 2nd period - Stopped by Joseph Woll with a rebound.
7:57 of 2nd period - Snap shot by Carter Verhaeghe.
7:57 of 2nd period - Stopped by Justus Annunen with a rebound.
8:34 of 2nd period - Wrist shot by Nick Suzuki.
8:34 of 2nd period - Shot Misses the Net.
8:50 of 2nd period - Backhand shot by Jordan Kyrou.
8:50 of 2nd period - Stopped by Justus Annunen with a rebound.
8:52 of 2nd period - Wrist shot by Jordan Kyrou.
8:52 of 2nd period - Shot Misses the Net.
8:54 of 2nd period - Slapshot by Kaiden Guhle.
8:54 of 2nd period - Stopped by Justus Annunen without a rebound.
8:55 of 2nd period - Sidney Crosby wins face-off versus Artturi Lehkonen in Vancouver Canucks zone.
9:00 of 2nd period - Wrist shot by Pierre-Luc Dubois.
9:00 of 2nd period - Shot Blocked by Joel Hanley.
9:02 of 2nd period - Slapshot by Pierre-Luc Dubois.
9:02 of 2nd period - Shot Misses the Net.
9:04 of 2nd period - Snap shot by Pierre-Luc Dubois.
9:04 of 2nd period - Goal by Pierre-Luc Dubois - Vancouver Canucks : 1 - Hartford Whalers : 2.
9:05 of 2nd period - Aleksander Barkov wins face-off versus Joshua Norris in neutral zone.
9:13 of 2nd period - Off-side.
9:14 of 2nd period - Joshua Norris wins face-off versus Aleksander Barkov in neutral zone.
9:39 of 2nd period - Slapshot by Mikko Rantanen.
9:39 of 2nd period - Deflect By Anthony Cirelli.
9:39 of 2nd period - Stopped by Joseph Woll with a rebound.
9:41 of 2nd period - Slapshot by Noah Hanifin.
9:41 of 2nd period - Stopped by Joseph Woll with a rebound.
9:43 of 2nd period - Snap shot by Mikko Rantanen.
9:43 of 2nd period - Shot Blocked by Carter Verhaeghe.
9:45 of 2nd period - Snap shot by Mikko Rantanen.
9:45 of 2nd period - Shot Blocked by Seth Jones.
9:47 of 2nd period - Slapshot by Noah Hanifin.
9:47 of 2nd period - Deflect By Aleksander Barkov.
9:47 of 2nd period - Shot Misses the Net.
9:47 of 2nd period - Puck is out of play.
9:48 of 2nd period - Connor Zary wins face-off versus Sidney Crosby in Hartford Whalers zone.
9:53 of 2nd period - Snap shot by Bobby McMann.
9:53 of 2nd period - Shot Misses the Net.
10:34 of 2nd period - Nick Suzuki is hit by Matias Maccelli and loses puck.
11:04 of 2nd period - Anthony Cirelli is hit by Aleksander Barkov and loses puck.
11:48 of 2nd period - Snap shot by Brett Leason.
11:48 of 2nd period - Shot Hit the Post.
12:00 of 2nd period - Snap shot by Dylan Guenther.
12:00 of 2nd period - Stopped by Justus Annunen without a rebound.
12:01 of 2nd period - Aleksander Barkov wins face-off versus Nick Suzuki in Vancouver Canucks zone.
12:16 of 2nd period - Snap shot by Aleksander Barkov.
12:16 of 2nd period - Stopped by Joseph Woll without a rebound.
12:17 of 2nd period - Connor Zary wins face-off versus Jordan Kyrou in Hartford Whalers zone.
12:20 of 2nd period - Wrist shot by Clayton Keller.
12:20 of 2nd period - Shot Blocked by Seth Jones.
13:03 of 2nd period - Minor Penalty to Emil Martinsen Lilleberg for Roughing.
13:04 of 2nd period - Tyler Seguin wins face-off versus Mikko Rantanen in Vancouver Canucks zone.
13:11 of 2nd period - Wrist shot by Pierre-Luc Dubois.
13:11 of 2nd period - Shot Misses the Net.
13:13 of 2nd period - Slapshot by Braden Schneider.
13:13 of 2nd period - Shot Misses the Net.
13:41 of 2nd period - Slapshot by Aleksander Barkov.
13:41 of 2nd period - Shot Hit the Post.
13:55 of 2nd period - Wrist shot by Artturi Lehkonen.
13:55 of 2nd period - Shot Misses the Net.
15:03 of 2nd period - Penalty to Emil Martinsen Lilleberg is over, Emil Martinsen Lilleberg is back on ice.
15:20 of 2nd period - Backhand shot by Casey Mittelstadt.
15:20 of 2nd period - Stopped by Joseph Woll with a rebound.
15:22 of 2nd period - Slapshot by Emil Martinsen Lilleberg.
15:22 of 2nd period - Stopped by Joseph Woll without a rebound.
15:23 of 2nd period - Joshua Norris wins face-off versus Casey Mittelstadt in Hartford Whalers zone.
15:28 of 2nd period - Emil Martinsen Lilleberg is hit by Carter Verhaeghe and loses puck.
15:54 of 2nd period - Snap shot by Casey Mittelstadt.
15:54 of 2nd period - Stopped by Joseph Woll without a rebound.
15:55 of 2nd period - Jordan Kyrou wins face-off versus Aleksander Barkov in Hartford Whalers zone.
16:24 of 2nd period - Wrist shot by Bobby McMann.
16:24 of 2nd period - Stopped by Joseph Woll with a rebound.
16:26 of 2nd period - Slapshot by Bobby McMann.
16:26 of 2nd period - Stopped by Joseph Woll without a rebound.
16:27 of 2nd period - Anthony Cirelli wins face-off versus Clayton Keller in Hartford Whalers zone.
16:27 of 2nd period - Anthony Cirelli is hit by Bobby McMann.
16:39 of 2nd period - Wrist shot by Carter Verhaeghe.
16:39 of 2nd period - Shot Misses the Net.
17:03 of 2nd period - Snap shot by Bobby McMann.
17:03 of 2nd period - Deflect By Connor Zary.
17:03 of 2nd period - Shot Misses the Net.
17:03 of 2nd period - Puck is out of play.
17:04 of 2nd period - Joshua Norris wins face-off versus Aleksander Barkov in Hartford Whalers zone.
17:39 of 2nd period - Slapshot by Pierre-Luc Dubois.
17:39 of 2nd period - Deflect By Sidney Crosby.
17:39 of 2nd period - Shot Blocked by Mavrik Bourque.
17:39 of 2nd period - Puck is out of play.
17:40 of 2nd period - Nick Suzuki wins face-off versus Connor Zary in Vancouver Canucks zone.
18:05 of 2nd period - Icing by Braden Schneider.
18:06 of 2nd period - Aleksander Barkov wins face-off versus Nick Suzuki in Hartford Whalers zone.
18:10 of 2nd period - Wrist shot by Aleksander Barkov.
18:10 of 2nd period - Goal by Aleksander Barkov - Vancouver Canucks : 2 - Hartford Whalers : 2.
18:11 of 2nd period - Sidney Crosby wins face-off versus Aleksander Barkov in neutral zone.
18:16 of 2nd period - Wrist shot by Pierre-Luc Dubois.
18:16 of 2nd period - Stopped by Justus Annunen without a rebound.
18:17 of 2nd period - Sidney Crosby wins face-off versus Aleksander Barkov in Vancouver Canucks zone.
18:33 of 2nd period - Snap shot by Sidney Crosby.
18:33 of 2nd period - Stopped by Justus Annunen with a rebound.
18:45 of 2nd period - Slapshot by Noah Hanifin.
18:45 of 2nd period - Shot Misses the Net.
18:47 of 2nd period - Slapshot by Connor Zary.
18:47 of 2nd period - Vancouver Canucks goal is going for a video replay.
18:47 of 2nd period - The goal is good.
18:47 of 2nd period - Goal by Connor Zary - Vancouver Canucks : 3 - Hartford Whalers : 2.
18:48 of 2nd period - Sidney Crosby wins face-off versus Aleksander Barkov in neutral zone.
18:53 of 2nd period - Seth Jones is hit by Noah Hanifin and loses puck.
19:00 of 2nd period - Wrist shot by Aleksander Barkov.
19:00 of 2nd period - Stopped by Joseph Woll with a rebound.
19:02 of 2nd period - Wrist shot by Aleksander Barkov.
19:02 of 2nd period - Stopped by Joseph Woll without a rebound.
19:03 of 2nd period - Joshua Norris wins face-off versus Connor Zary in Hartford Whalers zone.
19:03 of 2nd period - Joshua Norris is hit by Connor Zary.
19:29 of 2nd period - Noah Hanifin is hit by Pierre-Luc Dubois and loses puck.
19:55 of 2nd period - Minor Penalty to Miro Heiskanen for Roughing.
19:56 of 2nd period - Aleksander Barkov wins face-off versus Tyler Seguin in Vancouver Canucks zone.
Goals for this period are 2 for Vancouver Canucks vs 2 for Hartford Whalers.
Shots for this period are 14 for Vancouver Canucks vs 8 for Hartford Whalers.

3rd period


0:01 of 3rd period - Tyler Seguin wins face-off versus Aleksander Barkov in neutral zone.
0:12 of 3rd period - Snap shot by Pierre-Luc Dubois.
0:12 of 3rd period - Stopped by Justus Annunen without a rebound.
0:13 of 3rd period - Tyler Seguin wins face-off versus Mikko Rantanen in Vancouver Canucks zone.
0:24 of 3rd period - Snap shot by Pierre-Luc Dubois.
0:24 of 3rd period - Shot Misses the Net.
0:26 of 3rd period - Wrist shot by Tyler Seguin.
0:26 of 3rd period - Shot Blocked by Joel Hanley.
0:28 of 3rd period - Snap shot by Tyson Foerster.
0:28 of 3rd period - Shot Misses the Net.
1:01 of 3rd period - Seth Jones is hit by Emil Martinsen Lilleberg and loses puck.
1:39 of 3rd period - Mikko Rantanen is hit by Tyler Seguin.
1:53 of 3rd period - Minor Penalty to Sidney Crosby for Delaying the game.
1:54 of 3rd period - Joshua Norris wins face-off versus Clayton Keller in Hartford Whalers zone.
1:55 of 3rd period - Penalty to Miro Heiskanen is over, Miro Heiskanen is back on ice.
2:19 of 3rd period - Wrist shot by Mikko Rantanen.
2:19 of 3rd period - Stopped by Joseph Woll with a rebound.
2:21 of 3rd period - Snap shot by Joel Hanley.
2:21 of 3rd period - Shot Misses the Net.
2:23 of 3rd period - Wrist shot by Mikko Rantanen.
2:23 of 3rd period - Shot Misses the Net.
2:25 of 3rd period - Snap shot by Mikko Rantanen.
2:25 of 3rd period - Stopped by Joseph Woll without a rebound.
2:26 of 3rd period - Nick Suzuki wins face-off versus Jesperi Kotkaniemi in Hartford Whalers zone.
3:09 of 3rd period - Snap shot by Joshua Norris.
3:09 of 3rd period - Stopped by Justus Annunen with a rebound.
3:46 of 3rd period - Icing by Miro Heiskanen.
3:47 of 3rd period - Tyler Seguin wins face-off versus Connor Zary in Vancouver Canucks zone.
3:53 of 3rd period - Penalty to Sidney Crosby is over, Sidney Crosby is back on ice.
4:22 of 3rd period - Sean Couturier is hit by Simon Edvinsson and loses puck.
5:44 of 3rd period - Slapshot by Miro Heiskanen.
5:44 of 3rd period - Shot Misses the Net.
5:46 of 3rd period - Snap shot by Connor Zary.
5:46 of 3rd period - Stopped by Joseph Woll without a rebound.
5:47 of 3rd period - Nick Suzuki wins face-off versus Aleksander Barkov in Hartford Whalers zone.
5:47 of 3rd period - Nick Suzuki is hit by Mikko Rantanen.
6:41 of 3rd period - Off-side.
6:42 of 3rd period - Aleksander Barkov wins face-off versus Joshua Norris in neutral zone.
6:45 of 3rd period - Carter Verhaeghe is hit by Noah Hanifin and loses puck.
7:00 of 3rd period - Miro Heiskanen is hit by Joshua Norris.
7:56 of 3rd period - Slapshot by Sean Couturier.
7:56 of 3rd period - Shot Blocked by Devon Toews.
7:58 of 3rd period - Wrist shot by Mavrik Bourque.
7:58 of 3rd period - Stopped by Joseph Woll without a rebound.
7:59 of 3rd period - Sidney Crosby wins face-off versus Sean Couturier in Hartford Whalers zone.
8:04 of 3rd period - Wrist shot by Sidney Crosby.
8:04 of 3rd period - Shot Blocked by Mavrik Bourque.
8:43 of 3rd period - Wrist shot by Sean Couturier.
8:43 of 3rd period - Stopped by Joseph Woll with a rebound.
8:45 of 3rd period - Snap shot by Sean Couturier.
8:45 of 3rd period - Shot Blocked by Devon Toews.
8:47 of 3rd period - Wrist shot by Jake Bean.
8:47 of 3rd period - Deflect By Brett Leason.
8:47 of 3rd period - Shot Misses the Net.
8:47 of 3rd period - Puck is out of play.
8:48 of 3rd period - Nick Suzuki wins face-off versus Mikko Rantanen in Hartford Whalers zone.
9:01 of 3rd period - Snap shot by Nick Suzuki.
9:01 of 3rd period - Shot Misses the Net.
9:03 of 3rd period - Slapshot by Seth Jones.
9:03 of 3rd period - Stopped by Justus Annunen with a rebound.
9:05 of 3rd period - Snap shot by Nick Suzuki.
9:05 of 3rd period - Shot Blocked by Artturi Lehkonen.
9:07 of 3rd period - Backhand shot by Tyson Foerster.
9:07 of 3rd period - Shot Misses the Net.
9:09 of 3rd period - Snap shot by Tyson Foerster.
9:09 of 3rd period - Stopped by Justus Annunen with a rebound.
9:11 of 3rd period - Snap shot by Nick Suzuki.
9:11 of 3rd period - Shot Blocked by Miro Heiskanen.
9:29 of 3rd period - Wrist shot by Mikko Rantanen.
9:29 of 3rd period - Stopped by Joseph Woll with a rebound.
9:31 of 3rd period - Wrist shot by Mikko Rantanen.
9:31 of 3rd period - Shot Misses the Net.
9:33 of 3rd period - Wrist shot by Artturi Lehkonen.
9:33 of 3rd period - Stopped by Joseph Woll without a rebound.
9:34 of 3rd period - Sidney Crosby wins face-off versus Connor Zary in Hartford Whalers zone.
9:43 of 3rd period - Snap shot by Jordan Kyrou.
9:43 of 3rd period - Shot Misses the Net.
10:05 of 3rd period - Tyler Seguin is hit by Ryan McDonagh and loses puck.
10:54 of 3rd period - Vladislav Gavrikov is hit by Aleksander Barkov and loses puck.
11:03 of 3rd period - Joshua Norris is hit by Aleksander Barkov and loses puck.
11:16 of 3rd period - Matias Maccelli is hit by Devon Toews and loses puck.
11:43 of 3rd period - Wrist shot by Sidney Crosby.
11:43 of 3rd period - Stopped by Justus Annunen without a rebound.
11:44 of 3rd period - Joshua Norris wins face-off versus Mikko Rantanen in Vancouver Canucks zone.
11:44 of 3rd period - Joshua Norris is hit by Noah Hanifin.
11:56 of 3rd period - Slapshot by Mikko Rantanen.
11:56 of 3rd period - Shot Misses the Net.
11:59 of 3rd period - Icing by Braden Schneider.
12:00 of 3rd period - Joshua Norris wins face-off versus Connor Zary in Hartford Whalers zone.
12:14 of 3rd period - Slapshot by Bobby McMann.
12:14 of 3rd period - Stopped by Joseph Woll with a rebound.
12:22 of 3rd period - Minor Penalty to Devon Toews for Interference.
12:23 of 3rd period - Joshua Norris wins face-off versus Jesperi Kotkaniemi in Hartford Whalers zone.
12:55 of 3rd period - Wrist shot by Clayton Keller.
12:55 of 3rd period - Shot Misses the Net.
12:57 of 3rd period - Backhand shot by Artturi Lehkonen.
12:57 of 3rd period - Shot Misses the Net.
14:22 of 3rd period - Penalty to Devon Toews is over, Devon Toews is back on ice.
14:22 of 3rd period - Miro Heiskanen is hit by Vladislav Gavrikov and loses puck.
16:51 of 3rd period - Jordan Kyrou is hit by Mikko Rantanen and loses puck.
17:02 of 3rd period - Connor Zary is hit by Carter Verhaeghe and loses puck.
17:27 of 3rd period - Jesperi Kotkaniemi is hit by Devon Toews and loses puck.
17:56 of 3rd period - Pierre-Luc Dubois is hit by Matias Maccelli.
18:51 of 3rd period - Snap shot by Aleksander Barkov.
18:51 of 3rd period - Shot Blocked by Simon Edvinsson.
19:09 of 3rd period - Kaiden Guhle is hit by Joel Hanley and loses puck.
19:20 of 3rd period - Artturi Lehkonen is hit by Dylan Guenther and loses puck.
19:23 of 3rd period - Hartford Whalers, Joseph Woll is pulled from the net.
19:43 of 3rd period - Snap shot by Sidney Crosby.
19:43 of 3rd period - Shot Misses the Net.
19:45 of 3rd period - Snap shot by Nick Suzuki.
19:45 of 3rd period - Stopped by Justus Annunen with a rebound.
19:47 of 3rd period - Snap shot by Nick Suzuki.
19:47 of 3rd period - Shot Blocked by Ryan McDonagh.
19:49 of 3rd period - Snap shot by Dylan Guenther.
19:49 of 3rd period - Shot Blocked by Ryan McDonagh.
Goals for this period are 0 for Vancouver Canucks vs 0 for Hartford Whalers.
Shots for this period are 8 for Vancouver Canucks vs 6 for Hartford Whalers.